 Dungeon Crawl Stone Soup version 0.30-b1-2-g02819fbbbe (webtiles) character file.

Game seed: 465785353274572236

30 8u55y the Vexing (level 3, 0/20 HPs)
             Began as a Deep Elf Hexslinger on June 2, 2023.
             Slain by a gnoll
             ... wielding a +0 halberd
              (16 damage)
             ... on level 2 of the Dungeon.
             The game lasted 00:07:53 (1027 turns).

8u55y the Vexing (Deep Elf Hexslinger)              Turns: 1027, Time: 00:07:54

Health: 0/20       AC:  2    Str:  7    XL:     3   Next: 5%
Magic:  1/8        EV: 13    Int: 17    God:
Gold:   28         SH:  0    Dex: 17    Spells: 0/7 levels left

rFire   . . .        a - +1 sling
rCold   . . .        (no shield)
rNeg    . . .        c - +0 robe
rPois   .            (no helmet)
rElec   .            (no cloak)
rCorr   .            (no gloves)
SInv    .            (no boots)
Will    .....        (no amulet)
Stlth   ++           (no ring)
HPRegen 0.23/turn    (no ring)
MPRegen 0.11/turn

%: no passive effects
@: no status effects
A: no striking features
a: no special abilities


You were on level 2 of the Dungeon.
You visited 1 branch of the dungeon, and saw 2 of its levels.

You collected 28 gold pieces.

Inventory:

Hand Weapons
 a - a +1 sling (weapon)
 g - a +2 whip of holy wrath
Armour
 c - a +0 robe (worn)
Jewellery
 j - a +6 ring of intelligence
Scrolls
 b - a scroll of poison
 d - a scroll of noise {unknown}
 e - a scroll of identify {unknown}
 f - 2 scrolls of enchant weapon {unknown}
Potions
 h - a potion of curing {unknown}
 i - a potion of lignification {unknown}


   Skills:
 - Level 0.7 Fighting
 + Level 4.0 Ranged Weapons
 - Level 2.4 Dodging
 - Level 2.6 Spellcasting
 + Level 4.2 Hexes
 * Level 0.0 Translocations
 * Level 0.0 Fire Magic


You couldn't memorise any spells.
You knew the following spells:

 Your Spells              Type           Power      Damage    Failure   Level
a - Slow                  Hex            64%        N/A       3%          1
b - Inner Flame           Hex/Fire       9%         N/A       22%         3
c - Portal Projectile     Hex/Tloc       18%        N/A       22%         3

Your spell library contained the following spells:

 Spells                   Type           Power      Damage    Failure   Level
 Cause Fear               Hex            8%         N/A       32%         4


Dungeon Overview and Level Annotations

Branches:
Dungeon (2/15)

Altars:

Shops:
D:1 [


Message History

A gnoll is nearby!
Casting: Slow (safe; 3% risk of failure)
Confirm with . or Enter, or press ? or * to list all spells.
Aiming: Slow (safe; 3% risk of failure)
Press: ? - help, Shift-Dir - straight line, f - gnoll
Aim: a gnoll, wielding a +0 halberd (chance to affect: 58%)
The gnoll seems to slow down.
Casting: Slow (safe; 3% risk of failure)
Confirm with . or Enter, or press ? or * to list all spells.
The spell is extremely dangerous to miscast (22% risk of failure)!
Continue anyway?
Aiming: Inner Flame (extremely dangerous; 22% risk of failure)
Press: ? - help, Dir - move target, f/p - gnoll
Aim: a gnoll, wielding a +0 halberd (slow, chance to affect: 67%)
You miscast Inner Flame.
You are very lightly contaminated with residual magic.
Nothing appears to happen.
You shoot a sling bullet. The sling bullet hits the gnoll.
The gnoll is moderately wounded.
You shoot a sling bullet.
The sling bullet closely misses the gnoll. x2
The sling bullet hits the gnoll.
The gnoll is lightly wounded.
Your magical contamination has completely faded away.
The dart slug misses you.
You shoot a sling bullet.
The sling bullet completely misses the dart slug.
The dart slug barely misses you.
You shoot a sling bullet. The sling bullet hits the dart slug.
The dart slug is heavily wounded.
The dart slug misses you.
You shoot a sling bullet. The sling bullet hits the dart slug.
The dart slug is severely wounded.
The gnoll is no longer moving slowly.
The dart slug launches a dart at you. The slug dart hits you.
You shoot a sling bullet. The sling bullet hits the dart slug!
You kill the dart slug!
The gnoll hits you from afar with a +0 halberd!
Ouch! That really hurt!
You die...

..##.#.#
#..#####g..#
#.. #g### #..
#.# #.. #g###
##.. #...# ...
##g#.#
#.####....####
#.@.##........
#.†.gg....####
#..###..#.#
#..# #......
....# .##..###
###... # ...#
#.#. ##... #.
# ... #. ##


You could see 2 gnolls.

Vanquished Creatures
  2 dart slugs
  2 endoplasms (D:1)
  A giant cockroach (D:1)
  5 goblins
  A hobgoblin (D:1)
  2 jackals (D:1)
  4 kobolds (D:1)
  A quokka (D:1)
  3 ball pythons
  2 bats (D:1)
  A frilled lizard (D:1)
  4 rats
28 creatures vanquished.

Notes
Turn   | Place    | Note
-------+----------+-------------------------------------------
     0 | D:1      | 8u55y the Deep Elf Hexslinger began the quest for the Orb.
     0 | D:1      | Reached XP level 1. HP: 11/11 MP: 5/5
   184 | D:1      | Reached XP level 2. HP: 13/16 MP: 7/7
   471 | D:1      | Found Vaofaem's Armour Shoppe.
   896 | D:2      | Reached XP level 3. HP: 20/20 MP: 6/8
   914 | D:2      | Learned a level 3 spell: Inner Flame
   918 | D:2      | Learned a level 3 spell: Portal Projectile
  1027 | D:2      | Slain by a gnoll

Illustrated notes

Levels and vault maps discovered:
D:1:      erik_arrival_orb_chamber, layout_loops_ring, serial_shops, shop,
          minmay_misc_feat_chi
D:2:      layout_loops_ring, minmay_vboxes

Skill      XL: |  1  2  3 |
---------------+----------+-----
Ranged Weapons | 3 4 |  4.0
Spellcasting   | 2 |  2.6
Fighting       | |  0.7
Dodging        | |  2.4
Hexes          | |  4.2

Action                     || total
---------------------------++-------
   Fire: Sling             ||    81
   Cast: Slow              ||    25
 Armour: Robe              ||     5
  Dodge: Dodged            ||    24
